 Dungeon Crawl Stone Soup version 0.31-a0-233-g139696dc86 (webtiles) character file.

Game seed: 12208011934410439841

86 qw the Shooter (level 4, -1/26 HPs)
             Began as a Gargoyle Hexslinger on July 9, 2023.
             Slain by an ogre
             ... wielding a +0 giant club
              (19 damage)
             ... on level 5 of the Dungeon.
             The game lasted 00:00:58 (1770 turns).

qw the Shooter (Gargoyle Hexslinger)                Turns: 1770, Time: 00:00:58

Health: -1/26      AC: 10    Str: 11    XL:     4   Next: 50%
Magic:  5/5        EV: 10    Int: 14    God:
Gold:   60         SH:  0    Dex: 14    Spells: 4/5 levels left

rFire   + . .        Y - +2 sling
rCold   . . .        (no shield)
rNeg    + . .        g - +2 ring mail {rF+}
rPois   inf          (no helmet)
rElec   +            (no cloak)
rCorr   .            (no gloves)
SInv    .            (no boots)
Will    .....        (no amulet)
Stlth   +            (no ring)
HPRegen 0.24/turn    (no ring)
MPRegen 0.09/turn

%: no passive effects
@: no status effects
A: sickness immunity, AC +3, negative energy resistance 1, electricity
resistance, torment resistance 1, petrification resistance
a: no special abilities


You were on level 5 of the Dungeon.
You visited 1 branch of the dungeon, and saw 4 of its levels.

You collected 120 gold pieces.
You spent 60 gold pieces at shops.


Innate Abilities, Weirdness & Mutations

You are immune to sickness and miasma.
Your stone body is resilient. (AC +3)
You are immune to poison.
You resist negative energy. (rN+)
You are resistant to electric shocks. (rElec)
You are resistant to unholy torment.
You are immune to petrification.


   Skills:
 - Level 2.0 Fighting
 + Level 4.1 Ranged Weapons
 - Level 1.0 Armour
 - Level 1.5 Dodging
 - Level 1.0 Spellcasting
 - Level 2.6 Hexes


You had 4 spell levels left.
You knew the following spells:

 Your Spells              Type           Power      Damage    Failure   Level
a - Slow                  Hex            32%        N/A       21%         1

Your spell library contained the following spells:

 Spells                   Type           Power      Damage    Failure   Level
 Inner Flame              Hex/Fire       4%         N/A       71%         3
 Portal Projectile        Hex/Tloc       8%         N/A       71%         3
 Cause Fear               Hex            4%         N/A       90%         4

Inventory:

Hand Weapons
 Y - a +2 sling (weapon)
Armour
 g - a +2 ring mail of fire resistance (worn)
Scrolls
 a - 2 scrolls of identify
 b - a scroll of teleportation
Potions
 e - 4 potions of curing
 f - a potion of resistance
 k - a potion of enlightenment {unknown}

Dungeon Overview and Level Annotations

Branches:
Dungeon (3/15)

Altars:

Shops:
D:2 !


Message History

You shoot a sling bullet. The black bear growls angrily.
The sling bullet hits the orc.
You kill the orc!
You shoot a sling bullet.
The sling bullet closely misses the orc.
The sling bullet hits the orc.
The orc is lightly wounded.
You shoot a sling bullet. The sling bullet hits the orc!
You kill the orc!
You hear a shout!
An ogre comes into view. It is wielding a +0 giant club.
You hear an angry hiss.
You shoot a sling bullet. The ogre shouts!
The sling bullet hits the orc.
The orc is moderately wounded.
The orc hits you but does no damage.
You shoot a sling bullet. The sling bullet barely misses the orc.
The sling bullet barely misses the ogre.
The orc hits you but does no damage.
You shoot a sling bullet. The sling bullet barely misses the orc.
The orc hits you with a +0 falchion.
The black bear bites you but does no damage.
The black bear closely misses you.
The black bear claws you but does no damage.
The ogre misses you. The orc hits you but does no damage.
The black bear bites you. The black bear closely misses you.
The black bear claws you but does no damage.
You shoot a sling bullet. The sling bullet hits the orc.
The orc is heavily wounded.
The ogre completely misses you. The orc closely misses you.
The black bear bites you but does no damage.
The black bear barely misses you.
The black bear claws you but does no damage.
You shoot a sling bullet. The sling bullet hits the orc!
You kill the orc!
The ogre hits you with a +0 giant club!!
Ouch! That really hurt!
You die...

#......#######.
#............. ..
#####.#########..
#.#... .....
#.#.###....
#..........
###.###.#####
#.#..<.....
###)#@#####.
#...h)O.....#
#....)#####.#
#.....# #####)..
..... ....#..
....# . ...#


You could see a black bear and an ogre.

Vanquished Creatures
  An adder (D:2)
  A worm (D:2)
  2 dart slugs
  5 orcs
  6 endoplasms
  4 giant cockroaches
  4 goblins
  6 hobgoblins
  9 kobolds
  5 quokkas
  7 ball pythons
  4 bats
  5 frilled lizards
  8 rats
67 creatures vanquished.

Notes
Turn   | Place    | Note
-------+----------+-------------------------------------------
     0 | D:1      | qw the Gargoyle Hexslinger began the quest for the Orb.
     0 | D:1      | Reached XP level 1. HP: 12/12 MP: 2/2
     0 | D:1      | 0 ||| qw: Version: 0.3-a-51-g015441d
     0 | D:1      | 0 ||| qw: Game counter: 4004
     0 | D:1      | 0 ||| qw: Melee chars always use a shield: true
     0 | D:1      | 0 ||| qw: God list: Okawaru
     0 | D:1      | 0 ||| qw: Allow faded altars: false
     0 | D:1      | 0 ||| qw: Do Orc after clearing Dungeon:15 true
     0 | D:1      | 0 ||| qw: Do second Lair branch before Depths: true
     0 | D:1      | 0 ||| qw: Lair rune preference: random
     0 | D:1      | 0 ||| qw: Goals: Normal
     0 | D:1      | 0 ||| PLANNING D:1-11
    64 | D:1      | Reached XP level 2. HP: 16/16 MP: 3/3
   102 | D:1      | Reached skill level 3 in Ranged Weapons
   262 | D:1      | Reached XP level 3. HP: 21/21 MP: 4/4
   641 | D:1      | 641 ||| UPGRADING to +2 ring mail of fire resistance.
   651 | D:1      | 651 ||| DROPPING +0 robe.
   652 | D:1      | 652 ||| READING 3 scrolls labelled GUMOZOVIGHA.
   653 | D:1      | 653 ||| READING scroll labelled NUOHUSM KOCWAU.
   654 | D:1      | 654 ||| READING scroll labelled ANEB SUALAE.
   657 | D:1      | 657 ||| READING scroll labelled IMU KAGUDENA.
   658 | D:1      | 658 ||| READING 2 scrolls of identify.
   658 | D:1      | 658 ||| IDENTIFYING black potion
   659 | D:1      | 659 ||| DROPPING scroll of poison.
   669 | D:2      | 669 ||| STAIRDANCE
   672 | D:1      | HP: 3/21 [frozen (4)]
  1172 | D:2      | 1172 ||| FLEEEEING.
  1198 | D:2      | Reached XP level 4. HP: 26/26 MP: 5/5
  1289 | D:2      | Reached skill level 4 in Ranged Weapons
  1403 | D:2      | Found Lovu's Distillery.
  1411 | D:2      | 1411 ||| BUYING potion of curing (30 gold).
  1411 | D:2      | Bought a potion of curing for 30 gold pieces
  1411 | D:2      | 1411 ||| BUYING potion of curing (30 gold).
  1411 | D:2      | Bought a potion of curing for 30 gold pieces
  1411 | D:2      | 1411 ||| SHOPLISTING potion of enlightenment (50 gold, have
                  | 43).
  1411 | D:2      | 1411 ||| SHOPLISTING potion of heal wounds (50 gold, have
                  | 43).
  1411 | D:2      | 1411 ||| SHOPLISTING potion of mutation (80 gold, have 43).
  1534 | D:2      | 1534 ||| READING scroll labelled QOTHOMN EMITOLL.
  1535 | D:2      | 1535 ||| READING scroll labelled ODIGEE GOERCH.
  1536 | D:2      | 1536 ||| DRINKING 2 sedimented inky potions.
  1537 | D:2      | 1537 ||| READING 2 scrolls of identify.
  1537 | D:2      | 1537 ||| IDENTIFYING bubbling red potion
  1538 | D:2      | 1538 ||| DROPPING potion of invisibility.
  1731 | D:3      | You fall into a shaft and drop 2 floors!
  1731 | D:5      | Entered Level 5 of the Dungeon
  1732 | D:5      | 1732 ||| PLANNING OSSUARY
  1756 | D:5      | Reached skill level 1 in Armour
  1762 | D:5      | Noticed a black bear
  1765 | D:5      | Noticed an ogre
  1770 | D:5      | Slain by an ogre

Levels and vault maps discovered:
D:1:      dpeg_arrival_shrine, layout_basic
D:2:      kennysheep_big_flooded_room, layout_loops_cross, serial_shops,
          nicolae_shop_tiny_waterfront, minmay_misc_feat_roman,
          grunt_ministairs_2, minmay_misc_feat_ornament,
          kennysheep_generic_room_14
D:3:      layout_loops_ring, nicolae_uskayaw_murder_on_the_dancefloor,
          regret_index_temple_of_mockery, uniq_ijyb, uniq_sigmund,
          uniq_crazy_yiuf_cottage
D:5:      layout_basic, kennysheep_mini_moat, minmay_temple_entry_large_hall,
          serial_shops, nicolae_shop_gibbet_a_chance,
          chequers_ossuary_entry_cave, uniq_duvessa, uniq_blork_the_orc

Skill      XL: |  1  2  3  4 |
---------------+-------------+-----
Ranged Weapons | 3 4 |  4.1
Fighting       | 2 |  2.0
Armour         | 1 |  1.0
Dodging        | |  1.5
Spellcasting   | |  1.0
Hexes          | |  2.6

Action                     |  1- 3 |  4- 6 || total
---------------------------+-------+-------++-------
   Fire: Sling             |   184 |    62 ||   246
    Use: Scroll            |     5 |     3 ||     8
         Potion            |       |     1 ||     1
 Armour: Robe              |     7 |       ||     7
         Ring mail         |    25 |    26 ||    51
  Dodge: Dodged            |    56 |    25 ||    81

Table legend:
 A = Non-vault XP
 B = Vault XP
 C = Vault XP percentage of total XP
 D = Non-vault monster count
 E = Vault monster count
 F = Vault count percentage of total count
                 A         B        C        D         E       F
            +---------+---------+-------+---------+---------+-------
      Total |     122 |       5 |   3.9 |      62 |       5 |   7.5
            +---------+---------+-------+---------+---------+-------
        D:1 |      53 |       0 |   0.0 |      34 |       0 |   0.0
        D:2 |      47 |       5 |   9.6 |      19 |       5 |  20.8
        D:3 |      10 |       0 |   0.0 |       5 |       0 |   0.0
        D:5 |      12 |       0 |   0.0 |       4 |       0 |   0.0
            +---------+---------+-------+---------+---------+-------
